Map: New Repugnancy LE

Players

keithjacob

  • Race: Zerg Zerg
  • Spawn Location: 1:00

Smeeeger - Winner!

  • Race: Terran Terran
  • League: Platinum
  • Spawn Location: 7:00

VOD

Have the link to the VOD?

Description

Time

  • Played on: July 24, 2019, 6:27 p.m.
  • Length: 10:09
Show
View Real Time Build Order
Export as new Build Order

keithjacob Zerg 

Build Orders: Pool First 

Get SALT Encoding   

  12  0:20  Spawning Pool  
  11  0:28  Extractor  
  10  1:05  Drone  
  10  1:08  Zergling x2  
  12  1:19  Zergling x2  
  12  1:22  Zergling x2  
  14  1:49  Overlord  
  14  1:53  Overlord  
  14  2:08  Zergling x2  
  15  2:23  Hatchery  
  14  2:30  Drone  
  14  2:36  Zergling x2  
  16  2:46  Zergling x2  
  16  2:50  Overlord  
  17  3:08  Roach Warren  
  16  3:14  Zergling x2  
  17  3:32  Zergling x2  
  18  3:38  Overlord  
  18  3:42  Drone  
  19  3:54  Zergling x2  
  22  3:55  Roach  
  22  4:04  Drone  
  22  4:05  Drone  
  22  4:08  Zergling x2  
  22  4:09  Roach  
  27  4:16  Overlord  
  27  4:41  Evolution Chamber  
  26  4:48  Spine Crawler  
  26  4:51  Zergling x4  
  26  4:52  Zergling x2  
  28  4:54  Zergling x6  
  31  5:14  Drone  
  31  5:21  Roach x2  
  36  5:46  Spine Crawler  
  35  5:55  Zergling x6  
  38  6:05  Zerg Melee Weapons Level 1  
  38  6:12  Drone  
  39  6:55  Hatchery  
  38  7:17  Baneling Nest  
  38  7:20  Overlord  
  38  7:21  Zergling x2  
  38  7:22  Zergling x2  
  39  7:24  Roach  
  39  7:28  Drone  
  42  8:00  Zerg Missile Weapons Level 1  
  15  8:32  Zergling x2  
  15  8:33  Zergling x4  
  18  8:35  Zergling x2  
  18  8:36  Zergling x4  
  21  8:49  Drone x2  
  13  9:36  Roach  
Show
View Real Time Build Order
Export as new Build Order

Smeeeger Terran - Winner!

Build Orders: Reaper Expand 

Get SALT Encoding   

  12  0:01  SCV  
  13  0:14  SCV  
  13  0:18  Supply Depot  
  14  0:26  SCV  
  15  0:39  SCV  
  15  0:42  Barracks  
  16  0:52  SCV  
  17  1:04  SCV  
  18  1:14  Refinery  
  18  1:16  SCV  
  19  1:33  Command Center  
  19  1:35  Orbital Command  
  18  1:42  Marine  
  19  2:07  Reaper  
  20  2:20  SCV  
  21  2:23  Supply Depot  
  21  2:30  Barracks  
  21  2:32  SCV  
  22  2:40  Barracks Tech Lab  
  22  2:44  SCV  
  22  2:46  Orbital Command  
  23  2:56  SCV  
  24  3:01  Stimpack  
  24  3:06  Barracks  
  24  3:08  SCV  
  25  3:13  Marine  
  27  3:31  Factory, Marine  
  27  3:37  SCV x2  
  29  3:44  Marine  
  30  3:48  Marine  
  30  3:49  SCV  
  30  3:50  SCV  
  33  3:57  Marine  
  33  4:01  SCV  
  33  4:02  Marine, SCV  
  37  4:04  Bunker  
  37  4:06  Marine  
  38  4:10  Supply Depot  
  38  4:14  SCV x2  
  38  4:15  Marine  
  38  4:16  Supply Depot  
  41  4:19  Marine  
  42  4:26  Marine, SCV x2  
  45  4:32  Supply Depot  
  45  4:33  Marine, Factory Tech Lab  
  45  4:38  SCV  
  47  4:39  Supply Depot  
  47  4:42  SCV  
  48  4:46  Refinery  
  48  4:47  Refinery  
  48  4:50  SCV  
  48  4:51  Barracks Reactor  
  48  4:52  Barracks Reactor  
  49  4:54  SCV  
  50  5:02  SCV  
  50  5:06  SCV  
  52  5:10  Marine  
  53  5:14  SCV  
  53  5:15  Siege Tank  
  53  5:18  SCV  
  58  5:26  SCV  
  58  5:28  Marine x5  
  61  5:33  Starport, SCV  
  64  5:38  SCV  
  65  5:44  Supply Depot  
  65  5:45  Supply Depot, Marine x2  
  65  5:46  Marine x3  
  65  5:48  Siege Tank  
  73  5:53  Combat Shield  
  73  6:01  Command Center  
  73  6:03  Marine x3  
  76  6:04  Marine  
  76  6:07  Bunker  
  77  6:11  Marine  
  78  6:20  Siege Tank, Medivac  
  78  6:21  Marine x3  
  86  6:38  Marine x2  
  86  6:39  Marine x3  
  91  6:50  Medivac  
  91  6:52  Engineering Bay x2  
  93  6:55  Marine  
  94  7:13  Marine x5, SCV x2  
  94  7:15  Supply Depot  
  101  7:17  Supply Depot  
  101  7:18  Supply Depot  
  101  7:20  Refinery, Medivac  
  103  7:23  Supply Depot  
  103  7:25  SCV x2  
  105  7:37  Orbital Command  
  105  7:50  Medivac  
  107  7:52  Marine  
  107  7:53  Marine x4  
  107  7:56  SCV x2  
  114  8:08  SCV x2  
  114  8:10  Marine x2  
  114  8:11  Marine x3  
  121  8:27  Starport Reactor  
  121  8:28  Marine x5  
  121  8:33  Supply Depot x2  
  126  8:36  Siege Tank  
  129  8:46  Marine x5  
  134  8:58  Supply Depot  
  134  9:04  Marine x4  
  134  9:08  Siege Tank  
  141  9:12  Marine  
  142  9:21  Marine  
  142  9:22  Marine x2  
  145  9:31  Marine x2  
  145  9:34  Medivac x2  
  150  9:39  Marine  
Tags
 
Add a new tag
Caveats
  • Supply blocks, unpowered buildings, or Contaminate may cause inaccurate times.
  • Supply counts are checked every 10 seconds.